 Dungeon Crawl Stone Soup version 0.26-a0-665-gefeb406119 (webtiles) character file.

Game seed: 11913741988597070641

191 Deaus the Skirmisher (level 5, -9/28 HPs)
             Began as a Vine Stalker Fighter on Oct 14, 2020.
             Killed by divine providence
             ... invoked by an orc priest
              (13 damage)
             ... on level 4 of the Dungeon.
             The game lasted 00:03:50 (2068 turns).

Deaus the Skirmisher (Vine Stalker Fighter)         Turns: 2068, Time: 00:03:51

Health: -9/28      AC: 11    Str: 20    XL:     5   Next: 70%
Magic:  0/6        EV:  5    Int:  8    God:
Gold:   106        SH:  9    Dex: 13    Spells: 4/4 levels left

rFire    . . .     SeeInvis +   i - +2 hand axe (venom)
rCold    . . .     Faith    .   c - +0 kite shield
rNeg     . . .     Spirit   +   u - +0 chain mail
rPois    .         Reflect  .   s - +0 helmet (curse)
rElec    .         Harm     .   (no cloak)
rCorr    .         Rampage  .   r - +0 pair of gloves
MR       .....                  (no boots)
Stlth    ..........             (no amulet)
HPRegen  0.49/turn              h - ring of see invisible
MPRegen  0.10/turn              (no ring)

@: mighty
A: fangs 2, regeneration 1, magic shield, antimagic bite, no potion heal 3, rot
immunity
a: no special abilities


You were on level 4 of the Dungeon.
You visited 1 branch of the dungeon, and saw 4 of its levels.

You collected 106 gold pieces.

Inventory:

Hand Weapons
 i - a +2 hand axe of venom (weapon)
Armour
 c - a +0 kite shield (worn)
 r - a +0 pair of gloves (worn)
 s - a cursed +0 helmet (worn)
 u - a +0 chain mail (worn)
Jewellery
 h - a ring of see invisible (left hand)
Scrolls
 a - a scroll of amnesia {unknown}
 e - a scroll of identify {unknown}
 f - a scroll of fog {unknown}
 g - 3 scrolls of teleportation {unknown}
 k - 5 scrolls of remove curse {unknown}
 l - 2 scrolls of immolation
 q - a scroll of magic mapping {unknown}
Potions
 j - a potion of heal wounds {unknown}
 m - a potion of curing {unknown}
 n - 2 potions of magic {unknown}
 o - a potion of flight {unknown}
 p - a potion of lignification {unknown}
 t - 2 potions of cancellation {unknown}


   Skills:
 * Level 3.4 Fighting
 * Level 3.4 Axes
 * Level 3.2 Armour
 * Level 3.4 Shields


You had 4 spell levels left.
You didn't know any spells.
Your spell library was empty.

Dungeon Overview and Level Annotations

Branches:
Dungeon (4/15)
 Temple: D:4-7

Altars:
Elyvilon
Nemelex Xobeh

Annotations:
D:3 1 runed translucent door, om's ghost, amateur TrFi


Innate Abilities, Weirdness & Mutations

You have extremely sharp teeth.
Your natural rate of healing is unusually fast.
When hurt, damage is shared between your health and your magic reserves.
Your bite disrupts and absorbs the magic of your enemies.
Potions cannot restore your health.
You are immune to rotting.


Message History

Your shield and chain mail prevent you from hitting the giant cockroach.
You bite the giant cockroach, but do no damage.
The giant cockroach bites you but does no damage.
You block the giant cockroach's attack.
You hit the giant cockroach but do no damage.
The giant cockroach is poisoned.
Your bite misses the giant cockroach.
The giant cockroach bites you but does no damage.
The orc priest calls down the wrath of Beogh upon you.
Beogh smites you!
* * * LOW HITPOINT WARNING * * *
The giant cockroach bites you.
* * * LOW HITPOINT WARNING * * *
You are too injured to fight recklessly!
You feel very mighty all of a sudden.
You kill the giant cockroach!
The orc hits you but does no damage. You block the orc's attack.
The orc priest hits you but does no damage.
The orc priest invokes the aid of Beogh against you.
Beogh smites you!
You die...

#..# ...# ##...
#..# ......# .....
#..# .......
#....#..# .......
#...#..# .......
#...#..##.......
###..............#
......oo........#
......o@o.<.....#
.....##....)...#.#
...# #.......#.#
.. .........# .
........>.#..
#.###>##...... #.
... ....... ##.#
#.#.#..


You could see 2 orc priests and 2 orcs.

Vanquished Creatures
  An orc wizard (D:3)
  A worker ant (D:2)
  Robin (D:3)
  4 adders
  A gnoll (D:1)
  A worm (D:2)
  3 dart slugs
  2 leopard geckos
  3 orcs (D:3)
  2 giant cockroaches
  9 hobgoblins
  4 jackals (D:3)
  7 kobolds
  3 quokkas
  4 bats
  2 frilled lizards (D:1)
  12 goblins
  4 rats
64 creatures vanquished.

Notes
Turn   | Place    | Note
-------+----------+-------------------------------------------
     0 | D:1      | Deaus the Vine Stalker Fighter began the quest for the Orb.
     0 | D:1      | Reached XP level 1. HP: 11/11 MP: 2/2
   103 | D:1      | Reached XP level 2. HP: 16/16 MP: 3/3
   535 | D:1      | Reached XP level 3. HP: 20/20 MP: 4/4
  1027 | D:2      | Gained mutation: Your natural rate of healing is unusually
                  | fast. [Vine Stalker growth]
  1027 | D:2      | Reached XP level 4. HP: 24/24 MP: 5/5
  1438 | D:3      | Found a runed translucent door.
  1438 | D:3      | Noticed om's ghost (amateur TrFi)
  1512 | D:3      | Found a sparkling altar of Nemelex Xobeh.
  1519 | D:3      | Found a white marble altar of Elyvilon.
  1595 | D:3      | Noticed Robin
  1610 | D:3      | Reached XP level 5. HP: 10/28 MP: 2/6
  1649 | D:3      | Killed Robin
  2068 | D:4      | Killed from afar by an orc priest

Illustrated notes

Levels and vault maps discovered:
D:1:      psy_arrival_statuary, layout_loops_ring
D:2:      layout_basic
D:3:      layout_rooms, amethyst_overflow_temple_binary,
          ebering_ghost_inner_flame, nrook_uturn, uniq_robin
D:4:      layout_basic, old_standard_altar, minmay_misc_feat_secret_circle,
          uniq_eustachio, uniq_edmund, uniq_pikel

Skill      XL: |  1  2  3  4 |
---------------+-------------+-----
Axes           | 2 3 |  3.4
Shields        | 3 |  3.4
Fighting       | 3 |  3.4
Armour         | 3 |  3.2

Action                   |  1- 3 |  4- 6 || total
-------------------------+-------+-------++-------
Melee: War axe           |    40 |       ||    40
       Bite              |    12 |    25 ||    37
       Hand axe          |    16 |    80 ||    96
  Use: Potion            |       |     1 ||     1
Armor: Scale mail        |    24 |    33 ||    57
       Chain mail        |       |     8 ||     8
Dodge: Dodged            |    12 |    19 ||    31
Block: Kite shield       |    28 |    38 ||    66

Table legend: (Time is in decaauts)
 A = Elapsed time spent in this place.
 B = Non-inter-level travel time spent in this place.
 C = Inter-level travel time spent in this place.
 D = Time resting spent in this place.
 E = Time spent auto-exploring this place.
 F = Levels seen in this place.
 G = Mean time per level.
                   A        B        C        D        E       F      G
               +--------+--------+--------+--------+--------+-----+--------+
         Total |   2110 |   2029 |     81 |      0 |   1647 |   4 |  527.5 |
       Dungeon |   2110 |   2029 |     81 |      0 |   1647 |   4 |  527.5 |
               +--------+--------+--------+--------+--------+-----+--------+

Top non-repeatable levels by time:
     D:1: 748 daAuts
     D:3: 704 daAuts
     D:2: 649 daAuts
     D:4: 7 daAuts
